[Event "Titled Tuesday Blitz August 22 Early 2023"]
[White "Sjugirov, Sanan"]
[Black "Erigaisi Arjun"]
[WhiteFideId "4189302"]
[BlackFideId "35009192"]
[WhiteElo "2923"]
[BlackElo "3064"]
[Result "0-1"]
[Round "5"]
[TimeControl "180+1"]
[Date "2023.08.22"]
[WhiteClock "0:00:04"]
[BlackClock "0:00:08"]
[Board "3"]

1. c4 e5 2. g3 Na6 3. Bg2 Nc5 4. Nc3 Nf6 5. d3 a5 6. Nf3 d6 7. O-O Be7 8. b3 h5 9. h3 c6 10. e4 Ne6 11. d4 exd4 12. Nxd4 Nxd4 13. Qxd4 h4 14. g4 Nd7 15. Be3 Bf6 16. Qd2 g5 17. Rad1 Rg8 18. Na4 Be5 19. Nb2 Qe7 20. Nd3 b6 21. Nxe5 dxe5 22. Qd6 Rg6 23. Qc7 c5 24. Rd5 Qd8 25. Rxe5+ Nxe5 26. Qxe5+ Be6 27. Qh8+ Ke7 28. Qc3 Ra7 29. Qc1 Ke8 30. e5 Kf8 31. Be4 Rg8 32. Rd1 Rd7 33. Rxd7 Qxd7 34. Bxg5 Bxg4 35. Bh6+ Ke8 36. Kh2 Bxh3 37. Qf4 Be6 38. Bf3 Qd4 39. Qxd4 cxd4 40. Bd2 Kd7 41. c5 bxc5 42. Bxa5 c4 43. bxc4 Bxc4 44. a4 Ke6 45. Bd2 Bd5 46. Be2 Rg2+ 0-1


[Site "https://www.chess.com"]

[Event "Titled Tuesday Blitz August 22 Early 2023"]
[White "Bortnyk, Olexandr"]
[Black "Mekhitarian, Krikor Sevag"]
[WhiteFideId "14120828"]
[BlackFideId "2107660"]
[WhiteElo "3061"]
[BlackElo "2875"]
[Result "1-0"]
[Round "5"]
[TimeControl "180+1"]
[Date "2023.08.22"]
[WhiteClock "0:01:23"]
[BlackClock "0:00:00"]
[Board "4"]

1. d4 Nf6 2. Nc3 d5 3. Bf4 a6 4. e3 Bf5 5. Nf3 e6 6. Ne5 h6 7. g4 Bh7 8. h4 Nfd7 9. Bd3 Bxd3 10. cxd3 Nxe5 11. Bxe5 c5 12. dxc5 Nc6 13. Qa4 f6 14. Bg3 Bxc5 15. Rc1 Bd6 16. Ne2 O-O 17. O-O Rc8 18. a3 Bxg3 19. Nxg3 Rf7 20. Kg2 Rfc7 21. d4 Ne7 22. Rxc7 Qxc7 23. Ne2 Qc6 24. Qb4 Qd7 25. Rc1 Rxc1 26. Nxc1 Nc6 27. Qc5 e5 28. f3 e4 29. Ne2 exf3+ 30. Kxf3 Ne7 31. Nf4 g5 32. hxg5 hxg5 33. Nh5 Kf7 34. Qc2 f5 35. Ke2 Qe6 36. Ng3 f4 37. Qh7+ Kf8 38. Qh8+ Kf7 39. Qh5+ Qg6 40. Qxg6+ Kxg6 41. Nf1 fxe3 42. Nxe3 Kf6 43. Kd3 Ke6 44. Nf1 Ng8 45. Kc3 Nf6 46. Ne3 b6 47. a4 Kd7 48. Kb4 Kc6 49. a5 bxa5+ 50. Kxa5 Kb7 51. b4 Ka7 52. b5 axb5 53. Kxb5 Kb7 54. Kc5 Kc8 55. Kd6 Kd8 56. Ke6 Ne4 57. Nxd5 Nf2 58. Nf6 Kc8 59. Ke7 Nd3 60. d5 Nf4 61. d6 1-0


[Site "https://www.chess.com"]

[Event "Titled Tuesday Blitz August 22 Early 2023"]
[White "Sadhwani, Raunak"]
[Black "Ibrahimli, Murad"]
[WhiteFideId "35093487"]
[BlackFideId "13410229"]
[WhiteElo "3029"]
[BlackElo "2869"]
[Result "1-0"]
[Round "5"]
[TimeControl "180+1"]
[Date "2023.08.22"]
[WhiteClock "0:00:07"]
[BlackClock "0:00:12"]
[Board "5"]

1. e4 e5 2. Nf3 Nc6 3. Bb5 a6 4. Ba4 Nf6 5. d3 b5 6. Bb3 Be7 7. a4 Rb8 8. axb5 axb5 9. O-O O-O 10. h3 d6 11. c3 b4 12. Re1 bxc3 13. bxc3 h6 14. d4 exd4 15. cxd4 d5 16. e5 Ne4 17. Be3 Bb4 18. Re2 Bf5 19. Bc2 Na5 20. Nfd2 Bxd2 21. Bxd2 Nc4 22. Bc1 f6 23. exf6 Qxf6 24. Bf4 Rxb1 25. Rxb1 Nc3 26. Be5 Nxe2+ 27. Qxe2 Qg6 28. Bxf5 Qxf5 29. Rb7 Nxe5 30. dxe5 Re8 31. Rxc7 Qxe5 32. Qc2 Qe1+ 33. Kh2 Qe5+ 34. g3 Rf8 35. Rc6 Qe1 36. Kg2 d4 37. Qc4+ Kh8 38. Qxd4 Qe8 39. Rxh6+ Kg8 40. Qd5+ Rf7 41. Re6 Qc8 42. Qe4 Kf8 43. Re5 Qd7 44. Qe3 Qc6+ 45. Qe4 Qxe4+ 46. Rxe4 Rf6 47. h4 Kg8 48. g4 Kh7 49. Kg3 Ra6 50. f3 Ra3 51. h5 Kh6 52. Re6+ Kh7 53. g5 Ra4 54. Re8 Ra1 55. Re7 Kg8 56. g6 Kf8 57. Rf7+ Kg8 58. Rb7 Kf8 59. Kg4 Rg1+ 60. Kf5 Rh1 61. f4 Rh2 62. Rf7+ Kg8 63. Ra7 Kf8 64. Ke6 Re2+ 65. Kf5 Rh2 66. Kg4 Rg2+ 67. Kf3 Rh2 68. Ra5 Ke7 69. Rf5 Ke6 70. Rf7 Rxh5 71. Kg4 Rh6 72. f5+ Ke5 73. Re7+ Kf6 74. Re6# 1-0


[Site "https://www.chess.com"]

[Event "Titled Tuesday Blitz August 22 Early 2023"]
[White "Maksimovic, Bojan"]
[Black "Svane, Rasmus"]
[WhiteFideId "14408120"]
[BlackFideId "4657101"]
[WhiteElo "2868"]
[BlackElo "2986"]
[Result "0-1"]
[Round "5"]
[TimeControl "180+1"]
[Date "2023.08.22"]
[WhiteClock "0:00:00"]
[BlackClock "0:00:22"]
[Board "6"]

1. e4 e5 2. Nf3 Nc6 3. Bb5 a6 4. Ba4 Nf6 5. O-O Be7 6. Re1 b5 7. Bb3 O-O 8. h3 Bb7 9. d3 d5 10. exd5 Nxd5 11. Nbd2 Nd4 12. Nxd4 exd4 13. Qf3 c5 14. Rxe7 Qxe7 15. Bxd5 Bxd5 16. Qxd5 Qe1+ 17. Nf1 Rae8 18. Bh6 Qe6 19. Qxe6 Rxe6 20. Bd2 f5 21. Ng3 g6 22. Kf1 Kf7 23. a4 b4 24. Re1 Rfe8 25. Ne2 Kf6 26. h4 a5 27. Nc1 Rxe1+ 28. Bxe1 Ke5 29. Nb3 Ra8 30. Nd2 Kd5 31. Nc4 Kc6 32. Bd2 Kb7 33. Bg5 Ka6 34. Be7 Rc8 35. b3 Rc6 36. g3 Rc8 37. Bd6 Rc6 38. Ke2 Rc8 39. Kf3 Rc6 40. Kf4 Rc8 41. f3 Re8 42. Bxc5 Re2 43. Bxd4 Rxc2 44. Be5 Rc1 45. d4 Rb1 46. d5 Rxb3 47. Bc7 Rc3 0-1


[Site "https://www.chess.com"]

[Event "Titled Tuesday Blitz August 22 Early 2023"]
[White "Paravyan, David"]
[Black "Kravtsiv, Martyn"]
[WhiteFideId "4194985"]
[BlackFideId "14113147"]
[WhiteElo "2975"]
[BlackElo "2865"]
[Result "1/2-1/2"]
[Round "5"]
[TimeControl "180+1"]
[Date "2023.08.22"]
[WhiteClock "0:00:49"]
[BlackClock "0:00:46"]
[Board "7"]

1. e4 e5 2. Nf3 Nc6 3. Bb5 a6 4. Ba4 Nf6 5. O-O Be7 6. Re1 b5 7. Bb3 O-O 8. h3 Bb7 9. d3 d6 10. a3 Qd7 11. Nc3 h6 12. Nd5 Nxd5 13. exd5 Nd4 14. Nxd4 exd4 15. a4 Rfe8 16. axb5 axb5 17. Rxa8 Bxa8 18. Qe2 Kf8 19. Qf3 Bg5 20. Rxe8+ Qxe8 21. Bxg5 Qe1+ 22. Kh2 hxg5 23. Qh5 Qxf2 24. Qxg5 f6 25. Qg4 Bb7 26. h4 Qe3 27. Qd7 Qe7 28. Qxb5 Qe5+ 29. Kg1 Qe1+ 30. Kh2 Qxh4+ 31. Kg1 Qe1+ 32. Kh2 Qe5+ 33. Kg1 Bc8 34. Qb8 Qe1+ 35. Kh2 Qh4+ 36. Kg1 Qe1+ 37. Kh2 Qh4+ 38. Kg1 Qe1+ 1/2-1/2


[Site "https://www.chess.com"]

[Event "Titled Tuesday Blitz August 22 Early 2023"]
[White "Klukin, Kirill"]
[Black "Kramnik, Vladimir"]
[WhiteFideId "24199273"]
[BlackFideId "4101588"]
[WhiteElo "2832"]
[BlackElo "2937"]
[Result "0-1"]
[Round "5"]
[TimeControl "180+1"]
[Date "2023.08.22"]
[WhiteClock "0:00:00"]
[BlackClock "0:01:00"]
[Board "8"]

1. d4 d5 2. c4 e6 3. Nc3 Nf6 4. Bg5 Be7 5. Nf3 h6 6. Bh4 O-O 7. e3 b6 8. cxd5 Nxd5 9. Bxe7 Qxe7 10. Nxd5 exd5 11. Be2 Be6 12. O-O c5 13. Ne5 Nd7 14. Nxd7 Qxd7 15. dxc5 bxc5 16. Rc1 Rac8 17. Qd2 Qa4 18. b3 Qa3 19. Rfd1 Rfd8 20. Bf3 a5 21. Rc3 d4 22. exd4 Rxd4 23. Qc2 Rcd8 24. Rxd4 cxd4 25. Rc7 Qb4 26. h3 d3 27. Qc3 d2 28. Bd1 Qe4 29. Qf3 Qxf3 30. gxf3 Bxh3 31. Kh2 Be6 32. Kg3 g5 33. Rc5 Kg7 34. f4 Rd3+ 35. f3 g4 36. Kf2 Rxf3+ 37. Ke2 Rxf4 38. Rxa5 g3 0-1


[Site "https://www.chess.com"]

[Event "Titled Tuesday Blitz August 22 Early 2023"]
[White "Tahbaz, Arash"]
[Black "Nakamura, Hikaru"]
[WhiteFideId "12528846"]
[BlackFideId "2016192"]
[WhiteElo "2907"]
[BlackElo "3218"]
[Result "0-1"]
[Round "5"]
[TimeControl "180+1"]
[Date "2023.08.22"]
[WhiteClock "0:00:00"]
[BlackClock "0:00:09"]
[Board "9"]

1. Nf3 d5 2. g3 g6 3. Bg2 Bg7 4. O-O e5 5. d3 Ne7 6. c4 dxc4 7. dxc4 Qxd1 8. Rxd1 f5 9. Nc3 e4 10. Nd4 c6 11. b3 Na6 12. Ba3 Kf7 13. Rd2 Re8 14. Rad1 Ng8 15. e3 Bf8 16. Bxf8 Kxf8 17. Na4 Nf6 18. a3 Ng4 19. Bf1 Ne5 20. Be2 Nc7 21. b4 b6 22. h4 Be6 23. Nxe6+ Nxe6 24. Kg2 Ke7 25. Nc3 Red8 26. Rxd8 Nxd8 27. b5 Rc8 28. a4 Nb7 29. Kf1 Nd6 30. Rd4 Ke6 31. bxc6 Nxc6 32. Rd1 Ne5 33. Nb5 Nxb5 34. cxb5 h5 35. a5 Nd7 36. axb6 axb6 37. Ra1 Rc2 38. Ra8 Rc1+ 39. Kg2 Rc2 40. Kf1 Rc1+ 41. Kg2 Rc7 42. Rg8 Kf7 43. Ra8 Ne5 44. Rb8 Nd7 45. Ra8 Nf6 46. Rb8 Nd5 47. Rd8 Ke6 48. Rg8 Kf6 49. Rd8 Ke5 50. Re8+ Re7 51. Rg8 Nc3 52. Bf1 Re6 53. Bc4 Rf6 54. Re8+ Kd6 55. Bf1 Kc5 56. Rc8+ Kb4 57. Rc4+ Kb3 58. Rc6 Rxc6 59. bxc6 Nd5 60. Be2 Kb4 61. Kf1 Kc5 62. Bd1 Kxc6 63. Bb3 Ne7 64. Ke2 Kd6 65. Bf7 Ke5 66. Kd2 Kf6 67. Be8 Nc8 68. Kc3 Nd6 69. Bc6 Nf7 70. Kd4 Ne5 71. Bb5 Ng4 0-1


[Site "https://www.chess.com"]

[Event "Titled Tuesday Blitz August 22 Early 2023"]
[White "Rustemov, Alexander"]
[Black "Vachier-Lagrave, Maxime"]
[WhiteFideId "4119002"]
[BlackFideId "623539"]
[WhiteElo "2874"]
[BlackElo "3135"]
[Result "0-1"]
[Round "5"]
[TimeControl "180+1"]
[Date "2023.08.22"]
[WhiteClock "0:00:04"]
[BlackClock "0:00:15"]
[Board "10"]

1. d4 Nf6 2. c4 g6 3. Nf3 Bg7 4. g3 c5 5. Bg2 Qa5+ 6. Bd2 Qb6 7. Bc3 Ne4 8. O-O O-O 9. e3 Nc6 10. Qb3 Nxc3 11. bxc3 d6 12. Nbd2 Qc7 13. Rfe1 Na5 14. Qc2 Be6 15. d5 Bg4 16. h3 Bd7 17. a4 e5 18. h4 h6 19. e4 b6 20. h5 g5 21. Nh2 Qc8 22. Qd1 f5 23. exf5 Bxf5 24. Qe2 Qd7 25. Be4 Bh3 26. g4 Rf4 27. f3 Raf8 28. Ndf1 Bxf1 29. Rxf1 Qc8 30. Kg2 Qa6 31. Bd3 e4 32. fxe4 Bxc3 33. Rxf4 Rxf4 34. Rf1 Rxf1 35. Nxf1 Be5 36. Ne3 Qc8 37. Nf5 Qf8 38. Qc2 Qf6 39. Kf3 Kf8 40. Ke2 Ke8 41. Kf3 Kd7 42. Ke2 Kc7 43. Kf3 Bf4 44. Kg2 Nb7 45. Kf3 Qa1 46. Kg2 Qf6 47. Kf3 Nd8 48. Kg2 Nf7 49. a5 Ne5 50. axb6+ axb6 51. Be2 Kb7 52. Qa4 Qf8 53. Kh3 Nf7 54. Kg2 Ne5 55. Kh3 Bd2 56. Kg2 Bb4 57. Kh3 Ba5 58. Kg2 Kc7 59. Kh3 Qf6 60. Kg2 Kd8 61. Kh3 Qf8 62. Kg2 Kc8 63. Qb5 Kb7 64. Kh3 Bc3 65. Kg2 Bd4 66. Qe8 Qxe8 67. Nxd6+ Kb8 68. Nxe8 Nf7 69. Bd1 Kc8 70. Ba4 Kd8 71. Kg3 Ne5 72. Bb5 Nf7 73. Kf3 Be5 74. Ke2 Ke7 75. Kf3 Bc3 76. Ke2 Ne5 77. Nc7 Nxg4 78. Na8 Ba5 79. Kf3 Ne5+ 80. Kg3 Kd6 81. Kf2 Nd3+ 82. Kf3 Ne5+ 83. Kg3 Nf7 84. Kg4 Ke5 85. Nc7 Nd6 86. Ne6 Nxe4 87. Ng7 Nf6+ 88. Kh3 g4+ 89. Kg3 Be1+ 90. Kg2 Bh4 91. d6 Ne4 92. d7 Bd8 93. Ne8 Kf4 94. Ng7 Ng5 95. Ne8 Ne6 96. Bc6 Nd4 97. Ba4 Nf5 98. Ng7 Nxg7 99. Bc6 Nxh5 100. Bb5 Nf6 101. Bc6 h5 102. Bb5 h4 103. Bc6 h3+ 104. Kh2 Nh7 105. Bb5 Ng5 106. Bc6 g3+ 107. Kh1 Nf3 108. Bxf3 Kxf3 109. Kg1 g2 110. Kh2 Bc7+ 111. Kxh3 g1=Q 112. d8=Q Qh1# 0-1


[Site "https://www.chess.com"]

[Event "Titled Tuesday Blitz August 22 Early 2023"]
[White "So, Wesley"]
[Black "Elsa167"]
[WhiteFideId "5202213"]
[WhiteElo "3109"]
[BlackElo "2866"]
[Result "1-0"]
[Round "5"]
[TimeControl "180+1"]
[Date "2023.08.22"]
[WhiteClock "0:00:11"]
[BlackClock "0:00:00"]
[Board "11"]

1. Nf3 Nf6 2. g3 e6 3. Bg2 d5 4. O-O Be7 5. c4 O-O 6. b3 a5 7. e3 c6 8. Nc3 b6 9. Bb2 Ba6 10. d3 b5 11. Re1 Nbd7 12. Rc1 Qb6 13. Ba1 Rfd8 14. Qe2 bxc4 15. bxc4 dxc4 16. d4 c5 17. Rb1 Qa7 18. Ne5 Nxe5 19. dxe5 Nd5 20. Nxd5 exd5 21. Red1 c3 22. Qc2 d4 23. Bxa8 Qxa8 24. Rb6 Bc4 25. e4 Qc8 26. f3 Be6 27. Rb5 Qa6 28. a4 Bd7 29. Rbb1 Qc6 30. Bxc3 dxc3 31. Qxc3 Qxa4 32. Rd5 Be8 33. Rxd8 Bxd8 34. Qxc5 Qd7 35. Qd5 a4 36. Rb8 Qxd5 37. exd5 a3 38. Rxd8 1-0


[Site "https://www.chess.com"]

[Event "Titled Tuesday Blitz August 22 Early 2023"]
[White "Lenderman, Aleksandr"]
[Black "Grischuk, Alexander"]
[WhiteFideId "2021285"]
[BlackFideId "4126025"]
[WhiteElo "2860"]
[BlackElo "3036"]
[Result "0-1"]
[Round "5"]
[TimeControl "180+1"]
[Date "2023.08.22"]
[WhiteClock "0:00:12"]
[BlackClock "0:00:12"]
[Board "12"]

1. d4 g6 2. c4 Bg7 3. Nf3 d6 4. g3 Nf6 5. Bg2 O-O 6. O-O Nbd7 7. Nc3 e5 8. e4 exd4 9. Nxd4 Re8 10. h3 Nc5 11. Re1 Bd7 12. Rb1 a5 13. b3 h6 14. Rb2 c6 15. Rd2 Qb6 16. Bb2 Rad8 17. Nc2 Bc8 18. Ba1 Qc7 19. Qb1 h5 20. Ne3 Qe7 21. Qd1 h4 22. g4 Bh6 23. f3 Ne6 24. Bf1 Nf4 25. Rf2 Nd7 26. Rh2 Ne5 27. Ng2 Qf6 28. Nxf4 Bxf4 29. Rg2 Be6 30. Be2 Qg5 31. Rf1 Nd7 32. Kh1 Nf6 33. Bd3 d5 34. exd5 cxd5 35. c5 d4 36. Ne2 Nd5 37. Bxd4 Ne3 38. Bxe3 Bxe3 39. Qc2 Qxc5 40. Bxg6 Rd2 41. Qxc5 Bxc5 42. Bb1 Bxb3 43. axb3 Rexe2 44. Rxe2 Rxe2 45. Bd3 Rb2 46. Bc4 b5 47. Bxb5 Rxb3 48. Bc4 Rc3 49. Bd5 a4 50. Kg2 Rc2+ 51. Kh1 a3 52. Ra1 Kg7 53. Ra2 Rc3 54. Kg2 f6 55. f4 Rg3+ 56. Kh2 Be3 57. g5 Bxf4 58. gxf6+ Kxf6 59. Kh1 Rxh3+ 60. Kg1 Rg3+ 61. Rg2 Ke5 62. Rxg3 hxg3 63. Ba2 Kd4 64. Kg2 Bd6 0-1


[Site "https://www.chess.com"]

[Event "Titled Tuesday Blitz August 22 Early 2023"]
[White "Bachmann, Axel"]
[Black "Martinez Alcantara, Jose Eduardo"]
[WhiteFideId "3700488"]
[BlackFideId "3805662"]
[WhiteElo "2853"]
[BlackElo "3033"]
[Result "0-1"]
[Round "5"]
[TimeControl "180+1"]
[Date "2023.08.22"]
[WhiteClock "0:00:00"]
[BlackClock "0:00:07"]
[Board "13"]

1. e4 Nc6 2. d4 d6 3. Nf3 Nf6 4. Nc3 g6 5. d5 Nb8 6. h3 Bg7 7. Bf4 c6 8. Qd2 O-O 9. Bh6 a6 10. Bxg7 Kxg7 11. O-O-O b5 12. dxc6 Nxc6 13. Qf4 e5 14. Qe3 Be6 15. Ng5 b4 16. Nxe6+ fxe6 17. Na4 Nd4 18. Bc4 Rc8 19. Bb3 Rc6 20. Kb1 Qc7 21. f4 Rc8 22. fxe5 dxe5 23. g4 Rxc2 24. g5 Nh5 25. Rhf1 Nxb3 26. axb3 Nf4 27. Nb6 Re2 28. Qxe2 Nxe2 29. Rd7+ Qxd7 30. Nxd7 Nd4 31. Ka2 Rc7 32. Nxe5 Ne2 33. Rf6 Nc1+ 34. Kb1 Nxb3 35. Rxe6 Nd2+ 36. Ka2 Rc5 37. b3 Rc2+ 38. Ka1 Nxb3+ 39. Kb1 Rc7 40. Rxa6 Nd2+ 41. Kb2 Nxe4 42. h4 Ng3 43. Nc6 Nf5 44. Nd8 Re7 45. Ne6+ Kf7 46. Nd8+ Ke8 47. Nc6 Re2+ 48. Kb3 Nxh4 49. Ra8+ Kd7 50. Nd4 Re4 51. Kc4 Nf5 52. Kd5 Rxd4+ 0-1


[Site "https://www.chess.com"]

[Event "Titled Tuesday Blitz August 22 Early 2023"]
[White "Timofeev, Artyom"]
[Black "Bluebaum, Matthias"]
[WhiteFideId "4140419"]
[BlackFideId "24651516"]
[WhiteElo "2843"]
[BlackElo "3021"]
[Result "1/2-1/2"]
[Round "5"]
[TimeControl "180+1"]
[Date "2023.08.22"]
[WhiteClock "0:01:05"]
[BlackClock "0:01:24"]
[Board "14"]

1. c4 e6 2. Nf3 d5 3. e3 Nf6 4. b3 Bd6 5. Bb2 O-O 6. Be2 dxc4 7. bxc4 c5 8. O-O b6 9. d3 Bb7 10. Nbd2 Nc6 11. a3 Qc7 12. Qc2 Rad8 13. h3 Ne5 14. Rfd1 h6 15. Bc3 Nxf3+ 16. Nxf3 Bxf3 17. Bxf3 Bh2+ 18. Kh1 Be5 19. d4 cxd4 20. exd4 Bf4 21. Be2 Qc8 22. g3 Bb8 23. Kg2 Rd7 24. Qd3 Rfd8 25. Rac1 Bd6 26. Bb2 e5 27. d5 Re7 28. Qb3 Bc5 29. Bd3 e4 30. Bxf6 Qf5 31. Bxe7 Qf3+ 32. Kh2 Qxf2+ 33. Kh1 Qf3+ 34. Kh2 Qf2+ 35. Kh1 Qf3+ 36. Kh2 Qf2+ 1/2-1/2


[Site "https://www.chess.com"]

[Event "Titled Tuesday Blitz August 22 Early 2023"]
[White "Andreikin, Dmitry"]
[Black "Zemlyanskii, Ivan"]
[WhiteFideId "4158814"]
[BlackFideId "24249971"]
[WhiteElo "3001"]
[BlackElo "2841"]
[Result "1-0"]
[Round "5"]
[TimeControl "180+1"]
[Date "2023.08.22"]
[WhiteClock "0:00:07"]
[BlackClock "0:00:01"]
[Board "15"]

1. d4 d5 2. c4 e6 3. Nf3 Nf6 4. Bg5 dxc4 5. e4 b5 6. a4 c6 7. Nc3 b4 8. Nb1 Ba6 9. e5 h6 10. Bxf6 gxf6 11. Nbd2 fxe5 12. Nxe5 c3 13. Ne4 cxb2 14. Rb1 Bxf1 15. Qf3 Qc7 16. Kxf1 a5 17. Rxb2 Ra7 18. Nf6+ Kd8 19. Rc2 Bg7 20. Nxc6+ Nxc6 21. Rxc6 Qb7 22. Ke2 Ke7 23. d5 Bxf6 24. d6+ Ke8 25. Rd1 Qd7 26. Qxf6 Qxc6 27. Qxh8+ Kd7 28. Qxh6 Qc4+ 29. Ke1 Qc3+ 30. Rd2 b3 31. Qf8 b2 32. Qxf7+ Kc6 33. Qe8+ Kb6 34. Qb5# 1-0


[Site "https://www.chess.com"]

[Event "Titled Tuesday Blitz August 22 Early 2023"]
[White "Dvirnyy, Danyyil"]
[Black "Xiong, Jeffery"]
[WhiteFideId "817570"]
[BlackFideId "2047640"]
[WhiteElo "2839"]
[BlackElo "2994"]
[Result "0-1"]
[Round "5"]
[TimeControl "180+1"]
[Date "2023.08.22"]
[WhiteClock "0:00:02"]
[BlackClock "0:00:11"]
[Board "16"]

1. b3 d5 2. Bb2 Bf5 3. Nf3 e6 4. g3 h6 5. Bg2 Nf6 6. O-O Be7 7. d3 O-O 8. c4 c6 9. Nbd2 Bh7 10. a3 a5 11. Qc2 Na6 12. Ne5 Nd7 13. Nxd7 Qxd7 14. Nf3 Rfd8 15. Bc3 Nc7 16. Qb2 Bf8 17. b4 axb4 18. axb4 Rxa1 19. Rxa1 Ra8 20. h4 Qd8 21. Ra5 dxc4 22. dxc4 Be4 23. Be5 Na6 24. c5 Qd1+ 25. Kh2 Rd8 26. Ra1 Qc2 27. Qxc2 Bxc2 28. Rc1 Be4 29. Bc3 Nc7 30. Ne5 Bxg2 31. Kxg2 Ra8 32. Nc4 Be7 33. Rd1 Nd5 34. Be1 f5 35. Na5 Ra7 36. Rd3 Kf7 37. f3 Ke8 38. e4 fxe4 39. fxe4 Nf6 40. Kf3 Nd7 41. Bc3 g6 42. e5 Bd8 43. Nc4 Bc7 44. Ke4 Ra2 45. Rf3 Re2+ 46. Kd3 Rg2 47. Nd6+ Bxd6 48. exd6 b6 49. Bd4 bxc5 50. bxc5 e5 51. Re3 Kf7 52. Bxe5 Nxc5+ 53. Kc4 Nd7 54. Bf4 Nb6+ 55. Kc5 Nd5 56. Rf3 Rc2+ 57. Kd4 Ke6 58. Bxh6 Kxd6 59. Rf8 c5+ 60. Ke4 Re2+ 61. Kf3 Re6 62. g4 c4 63. Rc8 c3 64. Bg7 Re3+ 65. Kf2 Rh3 66. h5 gxh5 67. gxh5 Rxh5 68. Bxc3 Kd7 69. Rc5 Kd6 70. Bb4 Ke5 71. Rc4 Rh3 72. Ba5 Rb3 73. Bd2 Kf5 74. Ke2 Nf6 75. Rf4+ Ke5 76. Ra4 Ne4 77. Ra2 Kd4 78. Be3+ Kd5 79. Bd2 Kc4 80. Rc2+ Kd4 81. Ra2 Rh3 82. Ra4+ Kd5 83. Be3 Nc3+ 0-1


[Site "https://www.chess.com"]

[Event "Titled Tuesday Blitz August 22 Early 2023"]
[White "Kevlishvili, Robby"]
[Black "Yanchenko, Roman"]
[WhiteFideId "1040634"]
[BlackFideId "4137329"]
[WhiteElo "2975"]
[BlackElo "2821"]
[Result "1-0"]
[Round "5"]
[TimeControl "180+1"]
[Date "2023.08.22"]
[WhiteClock "0:00:35"]
[BlackClock "0:00:05"]
[Board "17"]

1. Nf3 d5 2. g3 Nf6 3. Bg2 Bf5 4. O-O e6 5. d3 Be7 6. c4 c6 7. Qb3 Qb6 8. Be3 Qxb3 9. axb3 a6 10. Nc3 Nbd7 11. Nd4 Bg6 12. Rfc1 O-O 13. Nf3 Nc5 14. Nd2 Rfd8 15. Na4 d4 16. Bf4 Nfd7 17. Nxc5 Bxc5 18. Ne4 Bxe4 19. Bxe4 Bb4 20. Bc7 Rdc8 21. Ba5 Bxa5 22. Rxa5 b6 23. Ra3 a5 24. b4 f5 25. Bg2 Kf7 26. Rca1 Rab8 27. bxa5 bxa5 28. R1a2 Rb6 29. Rxa5 Rcb8 30. Ra7 Ke7 31. Rc7 Kd6 32. Raa7 Nc5 33. Rxg7 Rxb2 34. Bf3 Rb1+ 35. Kg2 R1b7 36. Rxh7 Rxa7 37. Rxa7 Rb7 38. Rxb7 Nxb7 39. h4 Nd8 40. h5 Ke7 41. Kh3 Kf6 42. Kh4 c5 43. e3 dxe3 44. fxe3 e5 45. Bd5 e4 46. dxe4 fxe4 47. g4 Kg7 48. g5 Kh7 49. Kg4 Kh8 50. Kf5 Kg7 51. Ke5 Nf7+ 52. Bxf7 1-0


[Site "https://www.chess.com"]

[Event "Titled Tuesday Blitz August 22 Early 2023"]
[White "Donchenko, Alexander"]
[Black "Bauman_Guy"]
[WhiteFideId "24603295"]
[WhiteElo "2942"]
[BlackElo "2812"]
[Result "1/2-1/2"]
[Round "5"]
[TimeControl "180+1"]
[Date "2023.08.22"]
[WhiteClock "0:00:55"]
[BlackClock "0:00:53"]
[Board "18"]

1. d4 Nf6 2. c4 e6 3. g3 c5 4. Nf3 cxd4 5. Nxd4 d5 6. Bg2 e5 7. Nf3 d4 8. O-O Nc6 9. e3 Be7 10. exd4 exd4 11. Bf4 Be6 12. Ne5 Qb6 13. Qb3 Rc8 14. Nd2 O-O 15. Rfe1 Rfd8 16. Ndf3 Bb4 17. Red1 Na5 18. Qa4 Nxc4 19. Nxc4 Rxc4 20. Ne5 Rcc8 21. Bg5 Be7 22. Rd2 h6 23. Bxf6 Bxf6 24. Nd3 Rc4 25. Qd1 Rdc8 26. h4 Qc7 27. Nf4 Rc1 28. Rxc1 Qxc1 29. Nxe6 fxe6 30. Be4 Qxd1+ 31. Rxd1 b6 32. Kf1 Kf7 33. Ke2 e5 34. Kd2 Ke6 35. Rc1 Rxc1 36. Kxc1 g5 37. hxg5 Bxg5+ 38. Kc2 h5 39. Kd3 h4 40. gxh4 Bxh4 41. f3 Bg5 42. a4 1/2-1/2


[Site "https://www.chess.com"]

[Event "Titled Tuesday Blitz August 22 Early 2023"]
[White "Lei, Tingjie"]
[Black "Esipenko, Andrey"]
[WhiteFideId "8605114"]
[BlackFideId "24175439"]
[WhiteElo "2803"]
[BlackElo "2940"]
[Result "0-1"]
[Round "5"]
[TimeControl "180+1"]
[Date "2023.08.22"]
[WhiteClock "0:00:00"]
[BlackClock "0:00:12"]
[Board "19"]

1. d4 d5 2. c4 e6 3. Nf3 a6 4. Bg5 Be7 5. Bxe7 Qxe7 6. Nbd2 Nf6 7. g3 O-O 8. Bg2 Nc6 9. O-O Rd8 10. e3 e5 11. cxd5 Nxd5 12. Nxe5 Nxe5 13. dxe5 Qxe5 14. Nc4 Qg5 15. Qb3 Be6 16. Qxb7 Rab8 17. Qc6 Nb4 18. Qe4 Bd5 19. Qe5 Qg4 20. Bxd5 Rxd5 21. Qc3 Nd3 22. Rad1 Nf4 23. Qc2 Ne2+ 24. Kg2 Rh5 25. h4 Re8 26. Rd2 Rxh4 27. Rxe2 Qh3+ 28. Kf3 Rh6 0-1


[Site "https://www.chess.com"]

[Event "Titled Tuesday Blitz August 22 Early 2023"]
[White "Chigaev, Maksim"]
[Black "Plazuelo Pascual, Juan"]
[WhiteFideId "4108116"]
[BlackFideId "32059566"]
[WhiteElo "2919"]
[BlackElo "2664"]
[Result "0-1"]
[Round "5"]
[TimeControl "180+1"]
[Date "2023.08.22"]
[WhiteClock "0:00:05"]
[BlackClock "0:00:10"]
[Board "21"]

1. Nf3 d5 2. g3 Nc6 3. d4 Bf5 4. Bg2 e6 5. O-O Nb4 6. Na3 Nc6 7. b3 h5 8. h4 Nf6 9. c4 Ne4 10. Nc2 Be7 11. Ne3 Bh7 12. cxd5 exd5 13. Bb2 g5 14. hxg5 Bxg5 15. Rc1 h4 16. Nxg5 Qxg5 17. Nxd5 Qxd5 18. Rc5 Qd6 19. Rh5 O-O-O 20. d5 hxg3 21. f4 Qc5+ 22. Kh1 f6 23. Qc1 Nf2+ 24. Rxf2 Qxc1+ 25. Bxc1 gxf2 26. dxc6 Rd1+ 27. Kh2 Rxc1 28. cxb7+ Kb8 0-1


[Site "https://www.chess.com"]

[Event "Titled Tuesday Blitz August 22 Early 2023"]
[White "Naroditsky, Daniel"]
[Black "Henriquez Villagra, Cristobal"]
[WhiteFideId "2026961"]
[BlackFideId "3409350"]
[WhiteElo "3192"]
[BlackElo "2913"]
[Result "1/2-1/2"]
[Round "5"]
[TimeControl "180+1"]
[Date "2023.08.22"]
[WhiteClock "0:00:06"]
[BlackClock "0:00:16"]
[Board "22"]

1. e4 d6 2. d4 Nf6 3. Nc3 e5 4. Nf3 Nbd7 5. g3 Be7 6. Bg2 O-O 7. O-O c6 8. a4 Re8 9. Re1 Bf8 10. b3 b6 11. Bb2 Bb7 12. Nb1 a6 13. Nbd2 b5 14. c4 exd4 15. Nxd4 bxc4 16. Nxc4 Nc5 17. e5 dxe5 18. Nxe5 Qc7 19. b4 Rxe5 20. bxc5 Rxc5 21. Qb3 Rd8 22. Rac1 Rxc1 23. Rxc1 c5 24. Qxb7 Qxb7 25. Bxb7 Rb8 26. Bxa6 Rxb2 27. Nf5 Ra2 28. Bb5 g6 29. Ne3 Ne4 30. Rc2 Ra1+ 31. Kg2 Bg7 32. Bc6 Nc3 33. Nd5 Nxd5 34. Bxd5 Rxa4 35. Rxc5 Ra7 36. Rb5 Bf8 37. h4 h5 38. Rb6 Kg7 39. Rc6 Rd7 40. Be4 Rd6 41. Rc7 Rf6 42. Bd5 Rf5 43. Rd7 Rf6 44. f4 Rf5 45. Kf3 Rf6 46. Ke4 Bb4 47. Kf3 Bf8 48. Rb7 Bc5 49. Rc7 Bd6 50. Rd7 Bf8 1/2-1/2


[Site "https://www.chess.com"]

[Event "Titled Tuesday Blitz August 22 Early 2023"]
[White "Dubov, Daniil"]
[Black "Itgelt, Khuyagtsogt"]
[WhiteFideId "24126055"]
[BlackFideId "4902912"]
[WhiteElo "3030"]
[BlackElo "2661"]
[Result "1-0"]
[Round "5"]
[TimeControl "180+1"]
[Date "2023.08.22"]
[WhiteClock "0:00:36"]
[BlackClock "0:00:05"]
[Board "23"]

1. e4 e6 2. Nf3 d5 3. Nc3 Nf6 4. e5 Nfd7 5. Ne2 c5 6. c3 Nc6 7. d4 cxd4 8. cxd4 Bb4+ 9. Bd2 Qa5 10. Nc3 Qb6 11. a3 Be7 12. Be3 O-O 13. Bd3 Qd8 14. h4 h6 15. Qd2 f5 16. Ne2 Na5 17. Qd1 Nc4 18. Bc1 Qa5+ 19. Kf1 Qb6 20. b3 Na5 21. Rb1 Rf7 22. Nf4 Nf8 23. Rg1 Bd7 24. g4 fxg4 25. Rxg4 Bb5 26. Kg2 Rc8 27. Nh5 Kh8 28. Be3 Bxd3 29. Qxd3 Qa6 30. Qd2 Qb5 31. Bxh6 gxh6 32. Qxh6+ Rh7 33. Ng5 Rxh6 34. Nf7+ Kh7 35. Rg7# 1-0


[Site "https://www.chess.com"]